Map: [ESL] Inside and Out

Players

ByuN

  • Race: Terran Terran
  • League: Diamond
  • Spawn Location: 1:00

maru - Winner!

  • Race: Terran Terran
  • League: Diamond
  • Spawn Location: 7:00

Event: TSL 9

VOD

Have the link to the VOD?

Description

Time

  • Played on: Sept. 2, 2022, 12:21 p.m.
  • Length: 8:34

All games in this series

Show
View Real Time Build Order
Export as new Build Order

ByuN Terran 

Build Orders:  

Get SALT Encoding   

  12  0:00  SCV  
  13  0:12  SCV  
  14  0:17  Supply Depot  
  14  0:24  SCV  
  15  0:38  SCV  
  15  0:39  Barracks  
  15  0:42  Refinery  
  16  0:50  SCV  
  16  0:52  Refinery  
  17  1:02  SCV  
  18  1:15  SCV  
  19  1:26  Reaper  
  19  1:27  Orbital Command  
  19  1:31  Supply Depot  
  20  1:39  Factory  
  20  1:52  SCV  
  21  1:58  Reaper  
  22  2:04  SCV  
  23  2:16  SCV  
  23  2:19  Command Center  
  24  2:24  Hellion  
  24  2:28  SCV  
  27  2:30  Barracks Reactor  
  27  2:38  Starport  
  27  2:40  SCV  
  28  2:47  Supply Depot  
  28  2:51  Widow Mine  
  30  2:53  SCV  
  30  3:05  SCV  
  30  3:08  Marine x2  
  33  3:13  Factory Tech Lab  
  33  3:15  Medivac  
  33  3:18  SCV  
  36  3:29  Marine x2  
  36  3:32  SCV  
  35  3:34  Cyclone  
  35  3:44  SCV  
  35  3:47  Marine x2  
  35  3:56  SCV  
  28  4:05  Marine x2  
  27  4:11  SCV  
  27  4:14  Orbital Command  
  27  4:23  SCV  
  27  4:35  SCV  
  27  4:37  Banshee  
  31  4:41  SCV  
  32  4:48  Cloaking Field  
  32  4:50  SCV  
  33  4:52  Factory Tech Lab  
  33  4:55  SCV  
  34  5:02  SCV  
  36  5:07  SCV  
  36  5:10  Marine  
  36  5:11  Marine  
  38  5:14  SCV  
  38  5:15  Siege Tank  
  38  5:19  SCV  
  38  5:20  Banshee  
  46  5:27  SCV  
  47  5:31  SCV, Marine x2  
  47  5:32  Supply Depot  
  50  5:39  SCV  
  50  5:41  Refinery  
  51  5:43  SCV  
  51  5:47  Supply Depot  
  52  5:51  SCV  
  52  5:54  Siege Tank  
  52  5:55  SCV  
  57  6:02  Supply Depot  
  57  6:03  SCV  
  58  6:07  SCV, Banshee  
  58  6:10  Marine x2  
  64  6:16  SCV  
  65  6:20  SCV  
  65  6:24  Supply Depot  
  66  6:27  Marine  
  66  6:28  SCV, Marine  
  66  6:32  SCV, Siege Tank  
  73  6:38  Supply Depot  
  73  6:40  SCV  
  73  6:44  SCV  
  73  6:45  Marine  
  73  6:46  Marine  
  77  6:52  SCV, Banshee  
  81  6:59  SCV  
  82  7:03  Marine  
  82  7:04  SCV, Marine  
  84  7:11  SCV  
  84  7:16  SCV  
  84  7:20  Siege Tank  
  84  7:21  Marine x2  
  84  7:23  SCV  
  84  7:28  SCV  
  82  7:35  SCV  
  83  7:39  Marine x2  
  83  7:40  SCV  
  80  7:46  Command Center  
  80  7:47  SCV  
  70  7:55  Siege Tank  
  70  7:56  SCV  
  70  7:58  Starport Reactor  
  75  7:59  SCV  
  75  8:00  Barracks, Marine x2  
  75  8:01  Barracks  
  75  8:03  Engineering Bay  
  75  8:04  Engineering Bay  
  77  8:08  SCV  
  77  8:12  SCV  
  77  8:20  SCV  
Show
View Real Time Build Order
Export as new Build Order

maru Terran - Winner!

Build Orders:  

Get SALT Encoding   

  12  0:00  SCV  
  13  0:12  SCV  
  14  0:16  Supply Depot  
  14  0:24  SCV  
  15  0:38  SCV  
  15  0:39  Barracks  
  15  0:42  Refinery  
  16  0:50  SCV  
  17  0:57  Barracks  
  17  1:02  SCV  
  18  1:07  Refinery  
  18  1:14  SCV  
  19  1:27  Reaper  
  19  1:29  Orbital Command  
  20  1:38  Supply Depot  
  20  1:43  Reaper  
  21  1:54  SCV  
  21  1:59  Reaper  
  23  2:06  Factory  
  23  2:07  SCV  
  24  2:14  Supply Depot  
  24  2:16  Reaper  
  24  2:19  SCV  
  26  2:31  SCV, Reaper  
  29  2:46  Command Center  
  30  2:51  Hellion  
  30  2:54  Reaper  
  30  3:00  SCV  
  30  3:04  Reaper  
  32  3:08  Supply Depot  
  34  3:12  Hellion  
  34  3:15  SCV  
  35  3:21  Starport  
  35  3:27  SCV  
  35  3:29  Reaper  
  36  3:38  Hellion  
  36  3:39  SCV  
  39  3:52  SCV  
  38  3:59  Orbital Command, Starport Tech Lab  
  37  4:04  SCV  
  37  4:11  Barracks Reactor  
  37  4:16  SCV  
  37  4:21  Factory Tech Lab  
  37  4:22  Raven  
  37  4:26  SCV  
  37  4:28  SCV  
  38  4:33  Refinery  
  38  4:34  Marine  
  39  4:38  SCV  
  39  4:40  Cyclone, SCV  
  44  4:46  Command Center  
  44  4:51  Supply Depot  
  44  4:52  SCV, Marine  
  46  4:53  SCV  
  46  4:55  Marine  
  46  4:57  Marine  
  49  5:04  SCV  
  49  5:05  SCV  
  49  5:06  Raven  
  53  5:09  Refinery  
  53  5:11  Supply Depot  
  53  5:14  Marine x3  
  53  5:16  SCV  
  53  5:17  SCV  
  58  5:21  Siege Tank  
  61  5:28  SCV  
  61  5:29  SCV  
  61  5:34  Marine x2  
  61  5:35  Supply Depot  
  65  5:40  SCV  
  65  5:41  SCV  
  67  5:44  Barracks  
  67  5:52  Marine  
  67  5:53  SCV, Stimpack, Siege Tank  
  67  5:54  Starport Reactor  
  72  5:58  Engineering Bay  
  72  5:59  Engineering Bay  
  72  6:01  SCV  
  73  6:05  Orbital Command  
  73  6:07  SCV  
  73  6:10  Marine x2  
  76  6:13  SCV  
  77  6:19  SCV  
  77  6:20  Marine  
  79  6:25  Terran Infantry Armor Level 1, Terran Infantry Weapons Level 1  
  79  6:27  Siege Tank  
  79  6:28  Marine x2  
  79  6:29  SCV  
  79  6:31  SCV  
  86  6:35  Orbital Command  
  86  6:37  Barracks Reactor, Supply Depot  
  86  6:41  SCV  
  86  6:43  SCV  
  86  6:44  Medivac  
  86  6:45  Missile Turret, Medivac  
  91  6:53  Supply Depot, SCV  
  92  6:54  Marine x2  
  92  6:55  SCV, Marine  
  94  7:05  SCV  
  94  7:07  SCV x2  
  88  7:14  Viking  
  85  7:18  SCV  
  85  7:19  SCV x2  
  85  7:24  Siege Tank  
  85  7:27  Orbital Command  
  82  7:30  SCV  
  79  7:39  Marine x3  
  79  7:40  Marine x2  
  79  7:42  SCV x2  
  66  7:54  SCV x2  
  66  7:57  SCV, Marine x3  
  66  7:58  Marine  
  73  7:59  Siege Tank  
  76  8:06  SCV x2, Marine  
  76  8:09  SCV  
  80  8:14  Marine  
  80  8:15  Marine x2  
  80  8:16  Marine  
  80  8:18  SCV  
  80  8:19  SCV  
  84  8:21  SCV  
Tags
 
Add a new tag
Caveats
  • Supply blocks, unpowered buildings, or Contaminate may cause inaccurate times.
  • Supply counts are checked every 10 seconds.